 Dungeon Crawl Stone Soup version 0.30-a0-1075-gcd70e7a56d (webtiles) character file.

Game seed: 13297981399235083723

7 cforsyth the Caller (level 2, 0/17 HPs)
             Began as an Octopode Summoner on Apr 14, 2023.
             Slain by a bat (1 damage)
             ... on level 1 of the Dungeon.
             The game lasted 00:00:54 (252 turns).

cforsyth the Caller (Octopode Summoner)              Turns: 252, Time: 00:00:55

Health: 0/17       AC:  1    Str:  7    XL:     2   Next: 0%
Magic:  3/5        EV: 13    Int: 17    God:
Gold:   25         SH:  0    Dex: 12    Spells: 4/5 levels left

rFire   . . .      SeeInvis .    (no weapon)
rCold   . . .      Faith    .    (no shield)
rNeg    . . .      Spirit   .    (helmet restricted)
rPois   .          Reflect  .    (no amulet)
rElec   .          Rampage  .    (no ring)
rCorr   .                        (no ring)
Will    .....                    (no ring)
Stlth   +++                      (no ring)
HPRegen 0.22/turn                (no ring)
MPRegen 0.09/turn                (no ring)
                                 (no ring)
                                 (no ring)

@: no status effects
A: almost no armour, amphibious, 8 rings, camouflage 1, gelatinous body 1,
(nimble swimmer 1), tentacles
a: no special abilities


You were on level 1 of the Dungeon.
You visited 1 branch of the dungeon, and saw 1 of its levels.

You collected 25 gold pieces.

Inventory:

Scrolls
 b - a scroll of teleportation {unknown}
Potions
 a - a potion of magic
 c - a potion of curing {unknown}


   Skills:
 - Level 2.0 Dodging
 - Level 2.6 Stealth
 + Level 2.2 Spellcasting
 + Level 4.2 Summonings


You had 4 spell levels left.
You knew the following spells:

 Your Spells              Type           Power      Damage    Failure   Level
a - Summon Small Mammal   Summ           64%        N/A       3%          1

Your spell library contained the following spells:

 Spells                   Type           Power      Damage    Failure   Level
 Call Imp                 Summ           32%        N/A       4%          2
 Call Canine Familiar     Summ           16%        N/A       10%         3
 Summon Guardian Golem    Hex/Summ       9%         N/A       24%         3
 Summon Lightning Spire   Summ/Air       9%         N/A       61%         4


Dungeon Overview and Level Annotations

Branches:
Dungeon (1/15)

Altars:


Innate Abilities, Weirdness & Mutations

You cannot wear most types of armour.
You are amphibious.
You can wear up to eight rings at the same time.
Your skin changes colour to match your surroundings (Stealth+).
Your rubbery body absorbs attacks. (AC +1, EV +1)
((You are camouflaged when in or above water. (Stealth+)))
You have tentacles for arms and can constrict up to eight enemies at once.


Message History

A bat comes into view.
The kobold hits you with a +0 dagger.
Your rat misses the kobold. You barely miss the kobold.
Your grab misses the kobold. Your squeeze misses the kobold.
The kobold barely misses you.
Your rat misses the kobold. The kobold closely misses you.
Your bat hits the kobold but does no damage.
You closely miss the kobold. You grab the kobold.
You squeeze the kobold, but do no damage.
You constrict the kobold, but do no damage.
Your bat hits the kobold but does no damage.
The kobold closely misses you.
The kobold hits you with a +0 short sword.
You tentacle-slap the kobold but do no damage.
You constrict the kobold.
Your bat hits the kobold but does no damage.
The kobold hits you with a +0 dagger.
The kobold hits you with a +0 short sword.
Your rat barely misses the kobold.
You are too injured to fight recklessly!
You are too injured to fight recklessly!
You are too injured to fight recklessly!
Unknown command.
You release your grip on the kobold.
Your rat bites the kobold but does no damage.
Your bat hits the kobold but does no damage.
Unknown command.
The kobold attacks as you move away!
The kobold hits you with a +0 short sword.
* * * LOW HITPOINT WARNING * * *
A goblin comes into view. It is wielding a +0 club.
Your bat hits the kobold.
The bat hits something but does no damage.
Your bat barely misses the kobold.
Your bat barely misses the kobold.
The bat hits you.
* * * LOW HITPOINT WARNING * * *
The kobold hits you with a +0 dagger.
* * * LOW HITPOINT WARNING * * *
Your bat hits the kobold but does no damage.
The kobold hits you but does no damage. The bat hits you.
You die...

#.#.# # #.#.#
.###############.#.#
..#..............#.#
.................#.#
..#.############.#.#
.##>## #.#.#######
.#...###
######.b........
.......#
#.....@Kr.##..##
.#...#.# #.###.bK#......
.##.##.# #.#.#...##.#
###.##[#### #...........
.....................##.
#.#.#...........8.#..# #
#.#.#.##.##...._..#..#
#.#.# # #.#.#...8.#..#
#.... ..g...... #


You could see a bat, 2 kobolds, a friendly bat (summoned) and a friendly rat
(summoned).

Vanquished Creatures
  A bat (D:1)
  A giant cockroach (D:1)
  A goblin (D:1)
  A quokka (D:1)
4 creatures vanquished.

Vanquished Creatures (collateral kills)
  A ball python (D:1)
1 creature vanquished.

Grand Total: 5 creatures vanquished

Notes
Turn   | Place    | Note
-------+----------+-------------------------------------------
     0 | D:1      | cforsyth the Octopode Summoner began the quest for the Orb.
     0 | D:1      | Reached XP level 1. HP: 11/11 MP: 3/3
   220 | D:1      | Reached XP level 2. HP: 14/17 MP: 5/5
   244 | D:1      | Found a faded altar of an unknown god.
   252 | D:1      | Slain by a bat

Illustrated notes

Levels and vault maps discovered:
D:1:      eino_arrival_water_cross, layout_loops_ring, serial_shops,
          nicolae_shop_behind_doors, dreamdust_ecumenical_altar_statues,
          minmay_misc_feat_five, minivault_5

Action                     || total
---------------------------++-------
  Melee: Unarmed           ||    25
         Constrict         ||     5
         Tentacles         ||     3
   Cast: Summon Small Mamm ||     9
   Stab: Distracted        ||     1
         Sleeping          ||     1
 Armour: Skin              ||     8
  Dodge: Dodged            ||    17

Table legend: (Time is in decaauts)
 A = Elapsed time spent in this place.
 B = Non-inter-level travel time spent in this place.
 C = Inter-level travel time spent in this place.
 D = Time resting spent in this place.
 E = Time spent auto-exploring this place.
 F = Levels seen in this place.
 G = Mean time per level.
                   A        B        C        D        E       F      G
               +--------+--------+--------+--------+--------+-----+--------+
         Total |    252 |    252 |      0 |      0 |    181 |   1 |  252.0 |
       Dungeon |    252 |    252 |      0 |      0 |    181 |   1 |  252.0 |
               +--------+--------+--------+--------+--------+-----+--------+

Top non-repeatable levels by time:
     D:1: 252 daAuts
